[Event "Late-Titled-Tuesday-Blitz-December-26-2023"]
[Site "Chess.com"]
[Date "2023.12.26"]
[Round "10"]
[White "Zadar321"]
[Black "SCIM"]
[Result "1-0"]
[WhiteElo "2473"]
[BlackElo "2508"]
[TimeControl "180+1"]
[EndTime "15:52:27 PST"]
[Termination "Zadar321 won by resignation"]

1. e4 e6 2. d4 d5 3. Nd2 h6 4. Bd3 c5 5. dxc5 Bxc5 6. Ngf3 Nc6 7. Qe2 Nge7 8. O-O O-O 9. a3 a5 10.
Nb3 Bb6 11. Be3 Bxe3 12. Qxe3 a4 13. Nbd4 Qc7 14. e5 Nxd4 15. Nxd4 Nc6 16. f4 Nxd4 17.
Qxd4 Bd7 18. c3 Rfc8 19. Kf2 Qc5 20. Qxc5 Rxc5 21. Ke3 Bb5 22. Rfd1 Bxd3 23. Rxd3 Rb5 24. Rb1 Kf8 25. Rd4 Ke7 26. Kd3 Kd7 27. c4 Rb3+ 28. Kd2 Kc6 29. cxd5+ Kc5 30. Rd3 Rxd3+ 31. Kxd3 Kxd5 32.
Rc1 Ra6 33. Rc7 Rb6 34. Rxf7 Rxb2 35. Rxg7 b5 36. Rd7+ Kc5 37. Rc7+ Kd5 38. Rd7+ Kc6 39.
Rd6+ Kc5 40. Rxe6 Rb3+ 41. Ke4 Rxa3 42. Rxh6 Ra1 43. f5 a3 44. Ra6 b4 45. f6 Kb5 46. Ra8 b3 47. f7 Rf1 48. Rxa3 Kb4 49.
Rxb3+ Kxb3 50. e6 1-0

[Event "Late-Titled-Tuesday-Blitz-December-26-2023"]
[Site "Chess.com"]
[Date "2023.12.26"]
[Round "10"]
[White "Tunahan_Makaraci"]
[Black "Sanyura"]
[Result "0-1"]
[WhiteElo "2505"]
[BlackElo "2610"]
[TimeControl "180+1"]
[EndTime "15:52:29 PST"]
[Termination "Sanyura won on time"]

1. e4 c5 2. c3 g6 3. Nf3 Bg7 4. d4 cxd4 5. cxd4 d5 6. e5 Nc6 7. Bb5 Nh6 8. Bxc6+ bxc6 9. O-O O-O 10. Nbd2 f6 11.
Re1 Nf7 12. exf6 exf6 13. b3 g5 14. Ba3 Re8 15. Qc2 Bd7 16. Nf1 Qa5 17. Bc5 f5 18. b4 Qc7 19. Ne3 Re4 20. Nd2 Rh4 21. g3 Re4 22. Nxe4 fxe4 23. b5 h5 24. bxc6 Bxc6 25. Qb3 Qd7 26. Rf1 g4 27. Ng2 Ng5 28. Nf4 h4 29. Rac1 Kf7 30. Rfd1 Nf3+ 31. Kg2 Rh8 32. Rc3 hxg3 33. hxg3 Rh2+ 34. Kf1 Bb5+ 0-1

[Event "Late-Titled-Tuesday-Blitz-December-26-2023"]
[Site "Chess.com"]
[Date "2023.12.26"]
[Round "10"]
[White "RebecaJimnz"]
[Black "ural58"]
[Result "1-0"]
[WhiteElo "2295"]
[BlackElo "2458"]
[TimeControl "180+1"]
[EndTime "15:52:29 PST"]
[Termination "RebecaJimnz won by resignation"]

1. e4 d5 2. exd5 Qxd5 3. Nc3 Qa5 4. d4 Nf6 5. Bd2 Bg4 6. Nf3 Qf5 7. Be2 Nc6 8. O-O O-O-O 9. Be3 e5 10. d5 e4 11.
Nd4 Nxd4 12. Bxd4 Bxe2 13. Qxe2 Bb4 14. Bxf6 Qxf6 15. Nxe4 Qxb2 16. Rab1 Qd4 17. c3 Bxc3 18. Rfd1 Qe5 19. Qb5 b6 20. Qa6+ Kb8 21. Nc5 1-0

[Event "Late-Titled-Tuesday-Blitz-December-26-2023"]
[Site "Chess.com"]
[Date "2023.12.26"]
[Round "10"]
[White "liczner"]
[Black "FrenchHarvey"]
[Result "1-0"]
[WhiteElo "2921"]
[BlackElo "2647"]
[TimeControl "180+1"]
[EndTime "15:52:30 PST"]
[Termination "liczner won by resignation"]

1. e4 c5 2. Nf3 Nc6 3. d4 cxd4 4. Nxd4 e5 5. Nb5 d6 6. N1c3 a6 7. Na3 b5 8. Nd5 Nge7 9. c4 Nd4 10. cxb5 Nxd5 11.
exd5 Be7 12. Bc4 axb5 13. Nxb5 Ba6 14. Qd3 Qa5+ 15. Bd2 Qxb5 16. Bxb5+ Bxb5 17. Qb1 O-O 18. Bc3 Bf6 19. h4 e4 20. Rh3 Rfe8 21. Qd1 Bd3 22. Rxd3 exd3+ 23. Kf1 Nc2 24. Bxf6 gxf6 25. Qg4+ Kh8 26.
Rd1 d2 27. g3 Rxa2 28. Rxd2 Ra1+ 29. Rd1 Rea8 30. Rxa1 Rxa1+ 31. Ke2 Ra2 32. Qc8+ 1-0

[Event "Late-Titled-Tuesday-Blitz-December-26-2023"]
[Site "Chess.com"]
[Date "2023.12.26"]
[Round "10"]
[White "staz_staz"]
[Black "YouShallNotPass001"]
[Result "0-1"]
[WhiteElo "2277"]
[BlackElo "2501"]
[TimeControl "180+1"]
[EndTime "15:52:38 PST"]
[Termination "YouShallNotPass001 won by checkmate"]

1. d4 Nf6 2. Nf3 e6 3. c4 c5 4. d5 exd5 5. cxd5 d6 6. Nc3 g6 7.
Bf4 Bg7 8. Qa4+ Bd7 9. Qb3 b5 10. Bxd6 Qb6 11. Be5 O-O 12. e3 c4 13. Qd1 Na6 14. Be2 b4 15. Nb1 Rac8 16. O-O Rfd8 17. Nbd2 Bb5 18. Bd4 Qb7 19. e4 c3 20. bxc3 bxc3 21. Bxb5 Qxb5 22. Nb3 Nxe4 23. Bxg7 Kxg7 24. Qd4+ Nf6 25. Rac1 Rxd5 26. Qh4 Nb4 27. Nbd4 Qb6 28. a3 Nd3 29. Rcd1 Nb2 30. Rc1 Rc4 31. Ng5 Rdxd4 32. Qg3 Rg4 33. Qe5 Qc7 34. Qe3 Qc6 35. h3 Qxg2# 0-1

[Event "Late-Titled-Tuesday-Blitz-December-26-2023"]
[Site "Chess.com"]
[Date "2023.12.26"]
[Round "10"]
[White "dennisodessa"]
[Black "Veleamater"]
[Result "1-0"]
[WhiteElo "2507"]
[BlackElo "2344"]
[TimeControl "180+1"]
[EndTime "15:52:45 PST"]
[Termination "dennisodessa won by checkmate"]

1. d4 d6 2. c4 g6 3. Nc3 Bg7 4. e4 Nf6 5. f3 O-O 6. Be3 Nc6 7. Qd2 e5 8. d5 Ne7 9. Bd3 c6 10. Nge2 b5 11. dxc6 b4 12. Nd5 Nxc6 13. Nxb4 Nxb4 14. Qxb4 Nh5 15. O-O Be6 16. Rfd1 Rb8 17. Qd2 Nf4 18.
b3 Nxd3 19. Qxd3 f5 20. Qxd6 Qf6 21. Bxa7 Rbd8 22. Qc6 fxe4 23. fxe4 Rxd1+ 24. Rxd1 Bg4 25. Qxf6 Bxf6 26. Re1 Ra8 27. Bc5 Rxa2 28. Ng3 h5 29.
h3 Be6 30. Ne2 Rb2 31. Nc3 Rxb3 32. Nd5 Bh4 33. Bf2 Bg5 34. h4 Bd8 35. Rc1 Bd7 36. c5 Bc6 37. Ra1 Kf7 38. Ra6 Bb7 39. Rd6 Ba5 40.
c6 Bc8 41. Rf6+ Kg7 42. Bc5 Rb1+ 43. Kh2 Rc1 44. Bf8+ Kh7 45. Ne7 Bd8 46. Rf7+ Kh8 47. Nxg6+ Kg8 48. Rg7# 1-0

[Event "Late-Titled-Tuesday-Blitz-December-26-2023"]
[Site "Chess.com"]
[Date "2023.12.26"]
[Round "10"]
[White "Balla_Tamas"]
[Black "dmarcolino"]
[Result "1-0"]
[WhiteElo "2427"]
[BlackElo "2174"]
[TimeControl "180+1"]
[EndTime "15:52:46 PST"]
[Termination "Balla_Tamas won by resignation"]

1. e4 c6 2. d4 d5 3. e5 c5 4. Nf3 Nc6 5. dxc5 Bg4 6. Bb5 Qa5+ 7.
Nc3 e6 8. Be3 Ne7 9. a3 Qc7 10.
O-O Ng6 11. Be2 Bxf3 12. Bxf3 Ngxe5 13. Re1 Nxf3+ 14. Qxf3 Be7 15. Bf4 Qd8 16. b4 O-O 17. Rad1 Bf6 18. Nb5 b6 19. c4 bxc5 20. cxd5 exd5 21.
Rxd5 Qb6 22. Rxc5 Nd4 23. Nxd4 Bxd4 24. Rd5 Bf6 25. Rd6 Qb5 26. Rxf6 gxf6 27. Bh6 Qf5 28. Qxf5 1-0

[Event "Late-Titled-Tuesday-Blitz-December-26-2023"]
[Site "Chess.com"]
[Date "2023.12.26"]
[Round "10"]
[White "Nf3c5"]
[Black "gahryman"]
[Result "0-1"]
[WhiteElo "2518"]
[BlackElo "2660"]
[TimeControl "180+1"]
[EndTime "15:52:49 PST"]
[Termination "gahryman won by checkmate"]

1. d4 Nf6 2. Nf3 g6 3. Nc3 d5 4. Bf4 c6 5. e3 Bg4 6. Qd2 Bxf3 7. gxf3 Nbd7 8. e4 e6 9. h4 Qa5 10. Bd3 O-O-O 11. e5 Nh5 12. Bg5 f6 13. exf6 Bd6 14. Kf1 Qc7 15. Ne2 Rdf8 16. Qe3 Ndxf6 17. Qxe6+ Kb8 18.
c4 Re8 19. Qh3 dxc4 20. Bxc4 Rhf8 21. Rc1 Nf4 22. Bxf4 Bxf4 23. Rc2 Nh5 24. d5 cxd5 25. Bd3 Qb6 26. Qd7 Bd6 27. Rg1 Rd8 28. Qa4 Rxf3 29. Qb3 Qxf2# 0-1

[Event "Late-Titled-Tuesday-Blitz-December-26-2023"]
[Site "Chess.com"]
[Date "2023.12.26"]
[Round "10"]
[White "INLOVEWITHF"]
[Black "laskakid"]
[Result "1-0"]
[WhiteElo "2526"]
[BlackElo "2360"]
[TimeControl "180+1"]
[EndTime "15:52:49 PST"]
[Termination "INLOVEWITHF won by resignation"]

1. a4 d5 2. Nf3 c5 3. e3 Nc6 4. d4 cxd4 5. exd4 Bg4 6. Bf4 Bxf3 7.
Qxf3 Nxd4 8. Bb5+ Nxb5 9. axb5 e6 10. O-O Nf6 11. c4 Be7 12. Nc3 O-O 13. Rfd1 Bb4 14.
cxd5 Bxc3 15. bxc3 exd5 16. c4 Qe8 17. Bd6 dxc4 18.
Bxf8 Kxf8 19. Qxb7 Rb8 20. Qc7 Rxb5 21. Rd8 Re5 22.
Rxe8+ Rxe8 23. Qxc4 Kg8 24. h3 h6 25. Rxa7 Rf8 26.
g4 g6 27. f4 Kg7 28. Kg2 g5 29. f5 1-0

[Event "Late-Titled-Tuesday-Blitz-December-26-2023"]
[Site "Chess.com"]
[Date "2023.12.26"]
[Round "10"]
[White "Camilla_Lee"]
[Black "egnfanclub"]
[Result "1-0"]
[WhiteElo "2612"]
[BlackElo "2382"]
[TimeControl "180+1"]
[EndTime "15:52:50 PST"]
[Termination "Camilla_Lee won on time"]

1. e4 e5 2. Nf3 Nc6 3. Nc3 Nf6 4.
d4 exd4 5. Nd5 Nb4 6. Bc4 Nbxd5 7. exd5 Bc5 8. O-O O-O 9. Bg5 h6 10. Bh4 d6 11. Nxd4 Re8 12. Nb3 Bb6 13. Re1 Bd7 14.
Qf3 Re5 15. Rxe5 dxe5 16. Nd2 Qe7 17. Ne4 Qb4 18. Bxf6 Qxc4 19. Qg3 g6 20. Qxe5 Re8 21. Be7 Bd4 22. Nf6+ Kh8 23. Qf4 1-0

[Event "Late-Titled-Tuesday-Blitz-December-26-2023"]
[Site "Chess.com"]
[Date "2023.12.26"]
[Round "10"]
[White "aranibos"]
[Black "fugadelafuga"]
[Result "0-1"]
[WhiteElo "2179"]
[BlackElo "2430"]
[TimeControl "180+1"]
[EndTime "15:52:53 PST"]
[Termination "fugadelafuga won by checkmate"]

1. d4 Nf6 2. Nf3 d5 3. Bg5 e6 4. Nbd2 Be7 5. c3 c5 6. e3 Nc6 7. Bd3 h6 8. Bh4 O-O 9. Bxf6 Bxf6 10. dxc5 Qe7 11. Nb3 e5 12. e4 dxe4 13. Bxe4 a5 14. a4 Be6 15. O-O Rfd8 16. Qc2 g6 17. Bxc6 bxc6 18.
Rfe1 Bd5 19. Nfd2 Bg7 20. c4 Be6 21. Ne4 Bf5 22. f3 Rdb8 23. Qc3 Be6 24. Nbd2 f5 25. Nd6 e4 26. Qc2 Rxb2 27. Qc1 e3 28. Nf1 f4 29. Rb1 Rab8 30. Rxb2 Rxb2 31. g3 Qg5 32.
Ne4 Qe5 33. Qd1 Qd4 34. gxf4 e2+ 35. Qxd4 Bxd4+ 36. Kg2 exf1=Q+ 37. Kxf1 Bh3# 0-1

[Event "Late-Titled-Tuesday-Blitz-December-26-2023"]
[Site "Chess.com"]
[Date "2023.12.26"]
[Round "10"]
[White "Dewarfd"]
[Black "PawnEatingZombie"]
[Result "1/2-1/2"]
[WhiteElo "2113"]
[BlackElo "2100"]
[TimeControl "180+1"]
[EndTime "15:52:53 PST"]
[Termination "Game drawn by repetition"]

1. d4 Nf6 2. e3 g6 3. Nf3 Bg7 4. Be2 O-O 5. b4 d6 6. Bb2 a5 7.
a3 axb4 8. axb4 Rxa1 9. Bxa1 e6 10. c4 Nc6 11. b5 Ne7 12. O-O Ne4 13. Nfd2 f5 14.
Nxe4 fxe4 15. Nc3 d5 16. f3 Nf5 17. Qd2 e5 18. Nxd5 exd4 19. Bxd4 Nxd4 20. exd4 c6 21.
bxc6 bxc6 22. Nb4 Qxd4+ 23. Qxd4 Bxd4+ 24. Kh1 c5 25. Nd5 exf3 26. Rxf3 Rxf3 27. Bxf3 Kg7 28. g3 Bf5 29. Ne7 Bd3 30. Bd5 Kf6 31. Nc6 Be3 32. Kg2 Be2 33. h4 g5 34. hxg5+ Kxg5 35. Ne5 h5 36.
Nf3+ Bxf3+ 37. Kxf3 Bd4 38. Bf7 h4 39. gxh4+ Kxh4 40. Ke4 Kg3 41. Bd5 Kf2 42. Bc6 Ke1 43.
Bd5 Kd2 44. Be6 Kc3 45. Kd5 Kb3 46. Bd7 Kc3 47. Be6 Kb3 48. Bd7 Kc3 49. Be6 1/2-1/2

[Event "Late-Titled-Tuesday-Blitz-December-26-2023"]
[Site "Chess.com"]
[Date "2023.12.26"]
[Round "10"]
[White "BeardedNM"]
[Black "powermove"]
[Result "1-0"]
[WhiteElo "2180"]
[BlackElo "2026"]
[TimeControl "180+1"]
[EndTime "15:52:55 PST"]
[Termination "BeardedNM won by resignation"]

1. e4 e5 2. Nf3 Nc6 3. Bb5 Nf6 4. d3 Bc5 5. Bxc6 dxc6 6. Nbd2 O-O 7. Nc4 Nd7 8. O-O f6 9. Nh4 Nb6 10. Be3 Qe7 11. Bxc5 Qxc5 12. Ne3 g6 13. Kh1 Be6 14. Qe2 Rad8 15. g3 Nc8 16. f4 Nd6 17. f5 Bf7 18. fxg6 Bxg6 19. Rae1 Kg7 20. Qg4 Kf7 21. Qg5 Ne8 22.
Qh6 Ng7 23. Nxg6 hxg6 24. Ng4 Rd6 25. Qh7 Rg8 26. Nh6+ Ke7 27. Nxg8+ Kf8 28. Nxf6 1-0

[Event "Late-Titled-Tuesday-Blitz-December-26-2023"]
[Site "Chess.com"]
[Date "2023.12.26"]
[Round "10"]
[White "Mikhail_Golubev"]
[Black "SergioMoralesG"]
[Result "1-0"]
[WhiteElo "2629"]
[BlackElo "2430"]
[TimeControl "180+1"]
[EndTime "15:52:57 PST"]
[Termination "Mikhail_Golubev won on time"]

1. e4 c5 2. Nf3 e6 3. d4 cxd4 4. Nxd4 Nc6 5. Nc3 Qc7 6. Be3 a6 7. a3 b5 8. Nxc6 Qxc6 9. Bd3 Bb7 10. O-O Nf6 11. Re1 d6 12. Qf3 Be7 13. Qh3 O-O 14. Bg5 g6 15. Qh4 Kg7 16. Re3 h5 17. Rf3 Qc5 18.
Bxf6+ Bxf6 19. Qxf6+ Kh7 20. Rg3 Qe5 21. Qe7 Bc6 22.
Rg5 Qd4 23. e5 dxe5 24. Qf6 Qf4 25. Bxg6+ 1-0

[Event "Late-Titled-Tuesday-Blitz-December-26-2023"]
[Site "Chess.com"]
[Date "2023.12.26"]
[Round "10"]
[White "ozates"]
[Black "Championnn-9"]
[Result "1-0"]
[WhiteElo "2614"]
[BlackElo "2510"]
[TimeControl "180+1"]
[EndTime "15:52:59 PST"]
[Termination "ozates won by resignation"]

1. e4 c5 2. Nf3 e6 3. d4 cxd4 4. Nxd4 Nc6 5. Nc3 Qc7 6. g3 a6 7. Bg2 Bb4 8. O-O Nge7 9. Bf4 d6 10. Nb3 e5 11. Be3 Bxc3 12. bxc3 O-O 13. Qd2 Be6 14. Rfd1 Rfd8 15. Rab1 b5 16. f4 exf4 17. gxf4 d5 18. Qf2 dxe4 19. Bb6 Rxd1+ 20. Rxd1 Qc8 21. Bxe4 Bg4 22.
Rd6 Rb8 23. Qc5 Bh3 24. Bd5 Qg4+ 25. Kf2 Qxf4+ 26. Ke1 Nxd5 27. Qxc6 Qe3+ 28. Bxe3 Nxe3 29. Qc7 Rf8 30. Rd8 Ng2+ 31. Kf2 g5 32. Rxf8+ Kxf8 33. Qd8+ Kg7 34. Qxg5+ Kf8 35. Qh6+ Ke7 36. Qxh3 Nf4 37.
Qh4+ Ke6 38. Qxf4 f5 39. Qh6+ 1-0

[Event "Late-Titled-Tuesday-Blitz-December-26-2023"]
[Site "Chess.com"]
[Date "2023.12.26"]
[Round "10"]
[White "BestestBP"]
[Black "chessajedrezz2020"]
[Result "0-1"]
[WhiteElo "2202"]
[BlackElo "2742"]
[TimeControl "180+1"]
[EndTime "15:53:01 PST"]
[Termination "chessajedrezz2020 won by checkmate"]

1. c4 c6 2. g3 e5 3. Bg2 f5 4. d4 e4 5. Nh3 Nf6 6. Nc3 Be7 7. d5 d6 8. f3 Qb6 9. Nf2 exf3 10. exf3 O-O 11. O-O Na6 12. Kh1 Bd7 13. Nd3 cxd5 14. cxd5 Nc5 15. Be3 Qa6 16. Nxc5 dxc5 17.
Rc1 Bd6 18. a3 Rae8 19. Bg5 h6 20. Bd2 f4 21. Ne4 Nxe4 22. fxe4 fxg3 23. hxg3 Bxg3 24.
Rxc5 Qg6 25. d6 Bxd6 26. Rd5 Qg3 27. Rh5 Bg4 28. Be1 Rxf1+ 29. Bxf1 Bf3+ 30. Qxf3 Qxf3+ 31. Bg2 Qxh5+ 32. Kg1 Bc5+ 33. Kf1 Rf8+ 34. Bf2 Rxf2+ 35. Ke1 Rxg2 36. b4 Qe2# 0-1

[Event "Late-Titled-Tuesday-Blitz-December-26-2023"]
[Site "Chess.com"]
[Date "2023.12.26"]
[Round "10"]
[White "ATM622"]
[Black "2KTNGO"]
[Result "0-1"]
[WhiteElo "2431"]
[BlackElo "2539"]
[TimeControl "180+1"]
[EndTime "15:53:02 PST"]
[Termination "2KTNGO won on time"]

1. d4 Nf6 2. c4 Nc6 3. g3 e5 4. dxe5 Nxe5 5. Qc2 Bc5 6. Bg2 h5 7. Nf3 Nxf3+ 8. Bxf3 h4 9. Bg5 hxg3 10. hxg3 Rxh1+ 11. Bxh1 Bxf2+ 12. Kf1 Bxg3 13. Nc3 d6 14. Nd5 Be5 15. c5 Bh3+ 16. Ke1 c6 17. Qb3 Be6 18. Nxf6+ gxf6 19. Qxb7 Rb8 20. Bxc6+ Kf8 21. Bh6+ Kg8 22. Qxa7 Rxb2 23.
Kf2 Bd4+ 24. Be3 dxc5 25. Qa4 Rb4 26. Qc2 Bxe3+ 27. Kxe3 Qd4+ 28. Kf3 Qf4+ 29. Kg2 Qg4+ 30. Kf2 Qh4+ 0-1

[Event "Late-Titled-Tuesday-Blitz-December-26-2023"]
[Site "Chess.com"]
[Date "2023.12.26"]
[Round "10"]
[White "Grammnik"]
[Black "topce"]
[Result "1-0"]
[WhiteElo "2229"]
[BlackElo "2359"]
[TimeControl "180+1"]
[EndTime "15:53:03 PST"]
[Termination "Grammnik won by resignation"]

1. d4 Nf6 2. Nf3 c5 3. d5 d6 4. c4 g6 5. Nc3 Bg7 6. e4 O-O 7. h3 e6 8. Be3 exd5 9. cxd5 Re8 10. Bd3 c4 11. Bc2 b5 12. a3 a6 13. O-O Bb7 14.
Bf4 Qc7 15. Re1 Nbd7 16. Bh2 Nc5 17. Rc1 Qb6 18. Qd2 a5 19. Rcd1 b4 20. Na4 Nxa4 21. Bxa4 Rec8 22. e5 dxe5 23. Bxe5 Rd8 24. d6 Bxf3 25. gxf3 Rac8 26. d7 Ra8 27. Qg5 h6 28. Qf4 Nh5 29. Qh2 Bxe5 30. Qxe5 Ng7 31. Rd6 Qc7 32. Qe7 c3 33. Bb3 Rf8 34. d8=Q Qxd8 35.
Bxf7+ Kh7 36. Bxg6+ Kh8 37. Rxd8 Raxd8 38. bxc3 bxc3 39.
Qc7 Rc8 40. Qd6 c2 41. Bxc2 Nf5 42. Bxf5 Rg8+ 43. Bg4 Rxg4+ 44. hxg4 Rc1 45. Rxc1 Kg7 46. Rc7+ 1-0

[Event "Late-Titled-Tuesday-Blitz-December-26-2023"]
[Site "Chess.com"]
[Date "2023.12.26"]
[Round "10"]
[White "Szparu"]
[Black "Doraemon7"]
[Result "1-0"]
[WhiteElo "2907"]
[BlackElo "2695"]
[TimeControl "180+1"]
[EndTime "15:53:10 PST"]
[Termination "Szparu won by resignation"]

1. e4 e5 2. Nf3 Nc6 3. Nc3 Nf6 4. Bb5 Bd6 5. d3 O-O 6. a3 Re8 7. Bc4 Nd4 8. Nxd4 exd4 9. Ne2 c5 10.
Bg5 Be7 11. Bxf6 Bxf6 12. Bd5 d6 13. O-O Be6 14. Bxb7 Rb8 15. Bc6 Re7 16. b3 Qb6 17. Ba4 d5 18. Nf4 dxe4 19. dxe4 Qd6 20. Qf3 Be5 21.
g3 c4 22. Nxe6 Qxe6 23. bxc4 Qxc4 24. Bb3 Qc7 25. Qd3 Bd6 26. f4 a5 27. e5 Bc5 28. a4 g6 29. h4 Kg7 30. h5 Bb6 31.
Rae1 Rc8 32. hxg6 hxg6 33. f5 Rxe5 34. fxg6 Rxe1 35. Rxe1 Qd6 36. Rf1 Rc3 37. Rxf7+ Kh6 38. Rh7+ Kg5 39. g7 Rxd3 40. g8=Q+ Kf6 1-0

[Event "Late-Titled-Tuesday-Blitz-December-26-2023"]
[Site "Chess.com"]
[Date "2023.12.26"]
[Round "10"]
[White "Maitreia"]
[Black "ahkashefi2800"]
[Result "1-0"]
[WhiteElo "2727"]
[BlackElo "2615"]
[TimeControl "180+1"]
[EndTime "15:53:10 PST"]
[Termination "Maitreia won on time"]

1. c4 c6 2. Nf3 d5 3. b3 dxc4 4. bxc4 e5 5. Nc3 Bc5 6. Bb2 Qb6 7. Ne4 Bxf2+ 8. Nxf2 Qxb2 9. Nd3 Qa3 10. Ndxe5 Ne7 11.
Qb3 Qa5 12. e3 O-O 13. Bd3 Be6 14. Qxb7 Nc8 15. Qxa8 Qc7 16. Rb1 Nb6 17. Rxb6 Qxb6 18. O-O Nd7 19. Qxc6 Nxe5 20. Nxe5 Qa5 21. Qe4 g6 22. Nc6 Qa3 23. Nd4 Bd7 24. Bb1 Qb4 25. Qc2 Rb8 26. c5 Bb5 27. Rc1 Ba4 28. Qc3 Qb7 29. c6 Qc7 30. Bc2 Bxc2 31. Qxc2 a5 32.
Rb1 Rc8 33. Rb7 Qe5 34. Qc4 Qf6 35. h3 Kg7 36. a4 h5 37. c7 h4 38. Rb8 1-0

[Event "Late-Titled-Tuesday-Blitz-December-26-2023"]
[Site "Chess.com"]
[Date "2023.12.26"]
[Round "10"]
[White "Smile2005"]
[Black "morte-negra"]
[Result "1-0"]
[WhiteElo "2338"]
[BlackElo "1999"]
[TimeControl "180+1"]
[EndTime "15:53:14 PST"]
[Termination "Smile2005 won by resignation"]

1. e4 c5 2. Nf3 d6 3. d4 cxd4 4. Nxd4 Nf6 5. f3 a6 6. c4 e6 7. Nc3 b6 8. Be3 Be7 9. Be2 Bb7 10. O-O Nbd7 11. Qd2 Rc8 12. Rac1 O-O 13. Rfd1 Qc7 14.
Bf1 Qb8 15. Qf2 Bd8 16. Kh1 Bc7 17. Qg1 Ne5 18. b4 Bd8 19. Na4 Ba8 20. Nb3 Ned7 21. c5 bxc5 22. bxc5 dxc5 23. Naxc5 Nxc5 24. Bxc5 Re8 25. Bxa6 Rc6 26. Be2 Nh5 27. Nd4 Rc8 28. Bb5 Rxc5 29.
Bxe8 Bb6 30. Ba4 Nf4 31. Rxc5 Bxc5 32. Nc6 Qb6 33. Qxc5 Qxc5 34. Rd8+ Qf8 35. Ne7+ 1-0

[Event "Late-Titled-Tuesday-Blitz-December-26-2023"]
[Site "Chess.com"]
[Date "2023.12.26"]
[Round "10"]
[White "Schwindle"]
[Black "CheckThis4"]
[Result "1-0"]
[WhiteElo "2428"]
[BlackElo "2691"]
[TimeControl "180+1"]
[EndTime "15:53:17 PST"]
[Termination "Schwindle won on time"]

1. e4 e6 2. d4 d5 3. Nd2 c5 4. Ngf3 cxd4 5. Nxd4 Nf6 6. e5 Nfd7 7. N2f3 Nc6 8. Nxc6 bxc6 9. Bd3 Qc7 10. Bf4 Be7 11.
O-O c5 12. c4 d4 13. Re1 Bb7 14. Nd2 g5 15. Bg3 h5 16. h3 g4 17. h4 Rb8 18. b3 Qd8 19. Be4 Bxh4 20. Bxb7 Bxg3 21.
fxg3 Rxb7 22. Ne4 Rb6 23. Nd6+ Rxd6 24. exd6 Qb6 25. b4 Qxd6 26. bxc5 Nxc5 27. Rb1 O-O 28. Rb5 d3 29. Qd2 Rd8 30. Qg5+ Kf8 31. Rxc5 d2 32. Rd1 h4 33. Qh6+ Ke7 34. Qxh4+ Kd7 35. Qg5 Qd4+ 36. Kf1 Rh8 37. Rxd2 Rh1+ 38. Ke2 1-0

[Event "Late-Titled-Tuesday-Blitz-December-26-2023"]
[Site "Chess.com"]
[Date "2023.12.26"]
[Round "10"]
[White "Iball95"]
[Black "TanitoluwaAps116"]
[Result "0-1"]
[WhiteElo "2808"]
[BlackElo "2771"]
[TimeControl "180+1"]
[EndTime "15:53:18 PST"]
[Termination "TanitoluwaAps116 won on time"]

1. e4 c5 2. Nf3 Nc6 3. Nc3 Nf6 4. Bb5 g6 5. O-O Bg7 6. Re1 O-O 7. h3 d6 8. a3 h6 9. d3 Bd7 10. Bc4 e6 11.
Bf4 Qe7 12. Qd2 g5 13. Bh2 g4 14. hxg4 Nxg4 15. Bg3 Rad8 16. Ba2 Bc8 17. Rab1 Qf6 18. Qf4 Qg6 19. Qd2 Nd4 20. Nh2 Nxh2 21. Kxh2 h5 22. Ne2 h4 23. Bxh4 Bh6 24. Nf4 Qg4 25. Bg3 e5 26. f3 Qxg3+ 27. Kxg3 Bxf4+ 28. Qxf4 exf4+ 29. Kxf4 Be6 0-1

[Event "Late-Titled-Tuesday-Blitz-December-26-2023"]
[Site "Chess.com"]
[Date "2023.12.26"]
[Round "10"]
[White "KVAIDAN"]
[Black "mightysmasher"]
[Result "0-1"]
[WhiteElo "2380"]
[BlackElo "2561"]
[TimeControl "180+1"]
[EndTime "15:53:19 PST"]
[Termination "mightysmasher won by checkmate"]

1. f4 d5 2. Nf3 e6 3. e3 c5 4. b3 Nc6 5. Bb5 Bd7 6. Bb2 Nf6 7. O-O Be7 8. Bxc6 bxc6 9. Ne5 O-O 10. Rf3 Be8 11. Rg3 Qc7 12. Ng4 Qd8 13. Ne5 d4 14.
Na3 Ne4 15. Rh3 f6 16. Nd3 dxe3 17. dxe3 a5 18. Qf3 f5 19. Nc4 Bf6 20. Nce5 Qe7 21.
Nf2 Nxf2 22. Qxf2 a4 23. Qe2 axb3 24. cxb3 Rd8 25. Rc1 Rd5 26. a4 Qd8 27. Bc3 h6 28. Rg3 Kh7 29. a5 Bxe5 30. Bxe5 Rf7 31. a6 Rd2 32.
Qc4 Rfd7 33. Rf3 Bh5 34. Rff1 Be2 35. Qxe6 Bxf1 36. Qxf5+ g6 37. Qe6 Bxa6 38. f5 Rd1+ 39. Kf2 R7d2+ 40. Kf3 Be2+ 41. Ke4 Qd3+ 42. Kf4 g5+ 43.
Kg3 Qxe3# 0-1

[Event "Late-Titled-Tuesday-Blitz-December-26-2023"]
[Site "Chess.com"]
[Date "2023.12.26"]
[Round "10"]
[White "almaguerjm"]
[Black "Predator0608"]
[Result "0-1"]
[WhiteElo "2484"]
[BlackElo "2551"]
[TimeControl "180+1"]
[EndTime "15:53:22 PST"]
[Termination "Predator0608 won by resignation"]

1. e4 e6 2. d4 d6 3. Nc3 Nd7 4. Bd3 Ne7 5. f4 b6 6. Nf3 Bb7 7. O-O g6 8. Qe2 Bg7 9. f5 exf5 10. exf5 O-O 11. Bg5 f6 12. fxg6 Bxf3 13. gxh7+ Kh8 14.
Rxf3 fxg5 15. Re1 Nc6 16. Rxf8+ Nxf8 17. d5 Ne5 18. Bf5 Nfg6 19. g3 Qe8 20. Ne4 Qa4 21.
Nxg5 Rf8 22. Be4 Bh6 23. Ne6 Rf6 24. Qh5 Qb4 25. c3 Qxb2 26. Nf4 Bxf4 27. gxf4 Rxf4 28. Kh1 Rh4 29. Qe2 Qxe2 30. Rxe2 Kxh7 31. Kg2 Kh6 32.
Kg3 Rg4+ 33. Kf2 Nf4 34. Re3 Kg7 35. a4 Nh3+ 36. Rxh3 Rxe4 37. Rg3+ Kf6 38. Rh3 Rxa4 39. Rh7 Rc4 40. Rh3 Kf5 41. Ke2 a5 42. Kd2 a4 43.
Kc2 Ke4 0-1

[Event "Late-Titled-Tuesday-Blitz-December-26-2023"]
[Site "Chess.com"]
[Date "2023.12.26"]
[Round "10"]
[White "Alexander_Khlebovich"]
[Black "bazar-wokzal"]
[Result "1-0"]
[WhiteElo "2804"]
[BlackElo "2666"]
[TimeControl "180+1"]
[EndTime "15:53:24 PST"]
[Termination "Alexander_Khlebovich won by resignation"]

1. d4 Nf6 2. c4 Nc6 3. Nf3 e6 4. g3 Bb4+ 5. Bd2 a5 6. Bg2 d6 7.
O-O e5 8. dxe5 dxe5 9. Bc3 Qe7 10. a3 Bc5 11. Nfd2 O-O 12. Nb3 Rd8 13. Qc2 Bg4 14. Re1 Ba7 15. N1d2 a4 16. Nc1 Bb6 17. Ne4 Nd4 18.
Bxd4 Bxd4 19. Nd3 c6 20. Rad1 Nxe4 21. Bxe4 f5 22. Bg2 e4 23. Nf4 g5 24. h3 gxf4 25. hxg4 fxg3 26. e3 Bf6 27. fxg3 fxg4 28. Bxe4 Qe5 29.
Bxh7+ Kh8 30. Qh2 Kg7 31. Bc2 Rh8 32. Rd7+ Kf8 33. Qf2 Rh3 34. Kg2 Ke8 35. Red1 Rd8 36. Bg6+ 1-0

[Event "Late-Titled-Tuesday-Blitz-December-26-2023"]
[Site "Chess.com"]
[Date "2023.12.26"]
[Round "10"]
[White "DanielNaroditsky"]
[Black "Kiborg95"]
[Result "1-0"]
[WhiteElo "3099"]
[BlackElo "2845"]
[TimeControl "180+1"]
[EndTime "15:53:28 PST"]
[Termination "DanielNaroditsky won on time"]

1. d4 d6 2. Nf3 Nf6 3. Bg5 Nbd7 4. c4 e5 5. Nc3 Be7 6. e3 O-O 7. Be2 h6 8. Bh4 exd4 9. exd4 Ne4 10. Bxe7 Qxe7 11.
Nd5 Qd8 12. O-O Ndf6 13. Ne3 Re8 14. Bd3 Ng4 15. Nd5 Bf5 16. Qc2 c6 17. Nc3 Ngf6 18. Rae1 d5 19. Ne5 Bh7 20. cxd5 Nxc3 21. Bxh7+ Nxh7 22. dxc6 Nb5 23. cxb7 Rb8 24. Nc6 Qc7 25. Nxb8 Rxb8 26.
Qc5 Qxb7 27. Re7 Qb6 28. Rfe1 Nf6 29. Qc4 Nd6 30. Qc5 Nb5 31. Qc4 Nd6 32. Qa4 Qb4 33.
Qxa7 1-0